 Dungeon Sprint DCSS version 0.21-a0-279-g6037ffb (webtiles) character file.

586 Kidiri the Thaumaturge (level 7, -1/41 HPs)
             Began as a Deep Elf Fire Elementalist on Sept 23, 2017.
             Was an Elder of Vehumet.
             Slain by a spiny frog (12 damage)
             ... in the Dungeon (Sprint VII: "The Pits").
             The game lasted 00:04:42 (671 turns).

Kidiri the Thaumaturge (Deep Elf Fire Elementalist)  Turns: 671, Time: 00:04:43

Health: -1/41      AC:  2    Str:  5    XL:     7   Next: 15%
Magic:  18/24      EV: 15    Int: 22    God:    Vehumet [****..]
Gold:   0          SH:  0    Dex: 15    Spells: 7/29 levels left

rFire    . . .     SeeInvis .   e - +4 dagger (elec)
rCold    . . .     Gourm    .   (no shield)
rNeg     . . .     Faith    .   a - +0 robe
rPois    .         Spirit   .   (no helmet)
rElec    .         Reflect  .   (no cloak)
rCorr    .         Harm     .   (no gloves)
MR       .....     NoTele   +   (no boots)
Stlth    ++........             (no amulet)
HPRegen  0.13/turn              (no ring)
MPRegen  0.19/turn              (no ring)

@: no status effects
A: no striking features
a: Renounce Religion


You were in the Dungeon.
You worshipped Vehumet.
Vehumet was greatly pleased with you.
You were not hungry.

You visited 1 branch

Inventory:

Hand Weapons
 e - a +4 dagger of electrocution (weapon)
Armour
 a - a +0 robe (worn)
Scrolls
 i - a scroll of blinking
 m - 3 scrolls of remove curse
 n - 5 scrolls of amnesia
 o - a scroll of summoning
Potions
 d - 6 potions of curing
 g - 3 potions of magic
 h - 3 potions of berserk rage
 j - 3 potions of heal wounds
 l - 2 potions of invisibility
Books
 b - a book of Flames

   Spells                             Type                      Level
   a - Flame Tongue                   Conjuration/Fire             1
   b - Throw Flame                    Conjuration/Fire             2
   c - Conjure Flame                  Conjuration/Fire             3
   d - Inner Flame                    Hexes/Fire                   3
   e - Sticky Flame                   Conjuration/Fire             4
   f - Fireball                       Conjuration/Fire             5
Comestibles
 c - 8 bread rations
 f - 3 chunks of flesh
 p - 40 fruits
 q - 7 meat rations


   Skills:
 + Level 3.4 Fighting
 + Level 4.0 Short Blades
 + Level 3.3 Armour
 + Level 5.7 Dodging
 - Level 2.4 Stealth
 * Level 11.9 Spellcasting
 + Level 6.9 Conjurations
 + Level 7.7 Fire Magic
 + Level 0.0 Ice Magic


You had 7 spell levels left.
You knew the following spells:

 Your Spells              Type           Power        Failure   Level  Hunger
a - Flame Tongue          Conj/Fire      #####        1%          1    None
b - Throw Flame           Conj/Fire      #####.       1%          2    None
c - Conjure Flame         Conj/Fire      #####...     1%          3    None
d - Inner Flame           Hex/Fire       ####....     1%          3    None
e - Sticky Flame          Conj/Fire      #####...     1%          4    None
f - Fireball              Conj/Fire      #####.....   1%          5    ####...
g - Searing Ray           Conj           #####.       1%          2    None
h - Throw Frost           Conj/Ice       ####..       1%          2    None


Dungeon Overview and Level Annotations

Branches:
Dungeon (1/1)

Altars:
Ashenzari
Cheibriados
Dithmenos
Elyvilon
Fedhas
Gozag
Hepliaklqana
Kikubaaqudgha
Makhleb
Nemelex Xobeh
Okawaru
Qazlal
Ru
Sif Muna
Trog
Uskayaw
Vehumet
Wu Jian
Xom
Yredelemnul
Zin
The Shining One
Beogh
Jiyva
Lugonu


Message History

You feel much better.
The spiny frog burns!
The spiny frog barely misses you.
Casting: Flame Tongue
Confirm with . or Enter, or press ? or * to list all spells.
Aiming: Flame Tongue
Press: ? - help, Shift-Dir - straight line, f/p - spiny frog
Aim: a spiny frog (heavily wounded, covered in liquid flames)
The flame tongue hits the spiny frog.
The spiny frog appears unharmed.
The spiny frog is heavily wounded.
The spiny frog burns!
The spiny frog stings you!
* * * LOW HITPOINT WARNING * * *
The spiny frog barely misses you.
Casting: Flame Tongue
Confirm with . or Enter, or press ? or * to list all spells.
Aiming: Flame Tongue
Press: ? - help, Shift-Dir - straight line, f/p - spiny frog
Aim: a spiny frog (severely wounded, covered in liquid flames)
The flame tongue hits the spiny frog.
The spiny frog is severely wounded.
The spiny frog burns!
The spiny frog stings you!
You die...

#(#........##.......#
#'###########.......#
#.).....# #########
#...#...# #...#...#
#.##.##.#+#
#...#...#.+
#...#...#F#
#.......+@#
###########


You could see a spiny frog (burning).

Vanquished Creatures
  A hungry ghost (D)
  A fire bat (D)
  A floating eye (D)
  A big kobold (D)
  A gnoll sergeant (D)
  An iguana (D)
  3 gnolls (D)
  An adder (D)
  A leopard gecko (D)
  2 orcs (D)
  A ball python (D)
  A hobgoblin (D)
  A quokka (D)
  A giant cockroach zombie (D)
  2 kobolds (D)
19 creatures vanquished.

Notes
Turn   | Place    | Note
-------+----------+-------------------------------------------
     0 | D        | Kidiri the Deep Elf Fire Elementalist began the quest for the Orb.
     0 | D        | Reached XP level 1. HP: 10/10 MP: 6/6
    56 | D        | Found a bloodstained altar of Trog.
    56 | D        | Found a deep blue altar of Sif Muna.
    56 | D        | Found a viscous altar of Jiyva.
    56 | D        | Found a hazy altar of Hepliaklqana.
    56 | D        | Found an opulent altar of Gozag.
    57 | D        | Found a glowing golden altar of the Shining One.
    57 | D        | Found a glowing silver altar of Zin.
    57 | D        | Found a basalt altar of Yredelemnul.
    57 | D        | Found a shimmering altar of Xom.
    57 | D        | Found an ornate altar of the Wu Jian Council.
    57 | D        | Found a sacrificial altar of Ru.
    57 | D        | Found a stormy altar of Qazlal.
    57 | D        | Found an iron altar of Okawaru.
    57 | D        | Found a sparkling altar of Nemelex Xobeh.
    57 | D        | Found a burning altar of Makhleb.
    57 | D        | Found a blossoming altar of Fedhas.
    57 | D        | Found a white marble altar of Elyvilon.
    57 | D        | Found a shadowy altar of Dithmenos.
    57 | D        | Found a snail-covered altar of Cheibriados.
    60 | D        | Found a corrupted altar of Lugonu.
    60 | D        | Found a radiant altar of Vehumet.
    60 | D        | Found a roughly hewn altar of Beogh.
    61 | D        | Found an ancient bone altar of Kikubaaqudgha.
    61 | D        | Found a hide-covered altar of Uskayaw.
    61 | D        | Found a shattered altar of Ashenzari.
    69 | D        | Became a worshipper of Vehumet
   208 | D        | Reached skill level 4 in Spellcasting
   250 | D        | Reached * piety under Vehumet
   250 | D        | Offered knowledge of Sting by Vehumet.
   277 | D        | Noticed a gnoll sergeant
   283 | D        | Reached skill level 5 in Spellcasting
   283 | D        | Reached XP level 2. HP: 15/15 MP: 7/10
   285 | D        | Reached ** piety under Vehumet
   285 | D        | Reached skill level 6 in Spellcasting
   290 | D        | Reached XP level 3. HP: 11/19 MP: 1/13
   292 | D        | Reached skill level 7 in Spellcasting
   292 | D        | Reached skill level 5 in Fire Magic
   304 | D        | Reached *** piety under Vehumet
   327 | D        | Killed a gnoll sergeant
   327 | D        | Reached skill level 9 in Spellcasting
   327 | D        | Reached XP level 4. HP: 9/24 MP: 6/17
   331 | D        | Learned a level 2 spell: Throw Flame
   335 | D        | Learned a level 3 spell: Conjure Flame
   339 | D        | Learned a level 3 spell: Inner Flame
   344 | D        | Learned a level 4 spell: Sticky Flame
   526 | D        | Noticed a floating eye
   528 | D        | Killed a floating eye
   528 | D        | Offered knowledge of Searing Ray by Vehumet.
   528 | D        | Reached skill level 1 in Fighting
   528 | D        | Reached skill level 1 in Armour
   528 | D        | Reached skill level 10 in Spellcasting
   528 | D        | Reached skill level 5 in Conjurations
   528 | D        | Reached XP level 5. HP: 30/30 MP: 16/19
   532 | D        | Noticed a hungry ghost
   545 | D        | Reached **** piety under Vehumet
   545 | D        | Reached XP level 6. HP: 32/36 MP: 9/21
   552 | D        | Learned a level 5 spell: Fireball
   553 | D        | Killed a hungry ghost
   553 | D        | Reached skill level 5 in Dodging
   553 | D        | Reached skill level 11 in Spellcasting
   622 | D        | Noticed a fire bat
   627 | D        | Learned a level 2 spell: Searing Ray
   635 | D        | Killed a fire bat
   635 | D        | Offered knowledge of Throw Frost by Vehumet.
   635 | D        | Reached XP level 7. HP: 41/41 MP: 18/24
   639 | D        | Learned a level 2 spell: Throw Frost
   666 | D        | Noticed a spiny frog
   668 | D        | HP: 1/41 [spiny frog (21)]
   671 | D        | Slain by a spiny frog

Vault maps used:
D:        pitsprint

Skill      XL: |  1  2  3  4  5  6 |
---------------+-------------------+-----
Spellcasting   | 5 6 9 10 11 | 11.9
Conjurations   | 2 3 4 5 6 |  6.9
Fire Magic     | 4 6 7 |  7.7
Fighting       | 1 2 3 |  3.4
Short Blades   | 2 4 |  4.0
Armour         | 1 2 3 |  3.3
Dodging        | 3 4 5 |  5.7
Stealth        | |  2.4

Action                   |  1- 3 |  4- 6 |  7- 9 || total
-------------------------+-------+-------+-------++-------
Melee: Dagger            |     1 |       |       ||     1
 Cast: Flame Tongue      |    30 |     5 |     3 ||    38
       Throw Flame       |       |     2 |       ||     2
       Inner Flame       |       |     2 |       ||     2
       Conjure Flame     |       |     1 |       ||     1
       Searing Ray       |       |     2 |     1 ||     3
       Sticky Flame      |       |       |     1 ||     1
  Use: Potion            |     3 |     1 |     1 ||     5
Armor: Robe              |     1 |     1 |       ||     2
Dodge: Dodged            |    15 |     8 |     3 ||    26

Table legend:
 A = Spawn XP
 B = Non-spawn XP
 C = Spawn XP percentage of total XP
 D = Spawn monster count
 E = Non-spawn monster count
 F = Spawn count percentage of total count
 G = Total turns spent on level
                    A         B        C        D         E        F      G
               +---------+---------+-------+---------+---------+-------+---------
         Total |       0 |     838 |   0.0 |       0 |      19 |   0.0 |   671
               +---------+---------+-------+---------+---------+-------+---------
             D |       0 |     838 |   0.0 |       0 |      19 |   0.0 |   671
               +---------+---------+-------+---------+---------+-------+---------
